 Dungeon Crawl Stone Soup version 0.28.0-1-gb440e238dd (webtiles) character file.

Game seed: 8818897193036907956

9 Edwards80 the Vexing (level 2, 0/15 HPs)
             Began as a Deep Elf Enchanter on Feb 22, 2022.
             Slain by a hobgoblin (2 damage)
             ... on level 1 of the Dungeon.
             The game lasted 00:00:54 (478 turns).

Edwards80 the Vexing (Deep Elf Enchanter)            Turns: 478, Time: 00:00:54

Health: 0/15       AC:  2    Str:  5    XL:     2   Next: 6%
Magic:  8/8        EV: 12    Int: 19    God:
Gold:   0          SH:  0    Dex: 15    Spells: 7/7 levels left

rFire   . . .      SeeInvis .   a - +1 dagger
rCold   . . .      Faith    .   (no shield)
rNeg    . . .      Spirit   .   b - +0 robe
rPois   .          Reflect  .   (no helmet)
rElec   .          Harm     .   (no cloak)
rCorr   .          Rampage  .   (no gloves)
Will    .....                   (no boots)
Stlth   ++........              (no amulet)
HPRegen 0.05/turn               (no ring)
MPRegen 0.11/turn               (no ring)

@: no status effects
A: no striking features
a: no special abilities


You were on level 1 of the Dungeon.
You visited 1 branch of the dungeon, and saw 1 of its levels.

Inventory:

Hand Weapons
 a - a +1 dagger (weapon)
Armour
 b - a +0 robe (worn)
Scrolls
 d - 2 scrolls of identify {unknown}
 e - a scroll of teleportation {unknown}
 f - a scroll of enchant armour {unknown}
 g - a scroll of summoning {unknown}
Potions
 c - a potion of invisibility


   Skills:
 + Level 1.4 Short Blades
 - Level 2.4 Dodging
 - Level 3.6 Stealth
 + Level 3.3 Spellcasting
 + Level 4.3 Hexes


You had 7 spell levels left.
You didn't know any spells.
Your spell library contained the following spells:

 Spells                   Type           Power      Damage    Failure   Level
 Confusing Touch          Hex            19%        N/A       8%          3
 Tukima's Dance           Hex            19%        N/A       8%          3
 Ensorcelled Hibernation  Hex/Ice        22%        N/A       9%          2
 Dazzling Flash           Conj/Hex       22%        N/A       19%         3
 Gell's Gravitas          Tloc           3%         N/A       41%         3
 Lesser Beckoning         Tloc           3%         N/A       41%         3
 Teleport Other           Tloc           3%         N/A       41%         3


Dungeon Overview and Level Annotations

Branches:
Dungeon (1/15)

Altars:


Message History

A jackal comes into view.
A ball python comes into view.
A jackal and a hobgoblin come into view.
Found an escape hatch in the floor.
The helpless jackal fails to defend itself.
You puncture the jackal!
You kill the jackal!
You see here a jackal corpse.
The jackal barks!
The hobgoblin shouts!
The jackal closely misses you.
You hit the jackal.
The jackal is severely wounded.
The jackal barely misses you. The jackal closely misses you.
You hit the jackal but do no damage.
The jackal is severely wounded.
The jackal misses you. The ball python closely misses you.
The ball python grabs you. The ball python constricts you.
You hit the ball python.
The ball python is severely wounded.
The jackal bites you. The ball python barely misses you.
The ball python constricts you.
You hit the ball python.
You kill the ball python!
The jackal bites you.
The jackal bites you but does no damage.
You have reached level 2!
You hit the jackal.
You kill the jackal!
You hit the hobgoblin but do no damage. The hobgoblin hits you.
You hit the hobgoblin.
The hobgoblin is heavily wounded.
The hobgoblin hits you.
* * * LOW HITPOINT WARNING * * *
You barely miss the hobgoblin.
The hobgoblin is heavily wounded.
The hobgoblin closely misses you.
You hit the hobgoblin.
The hobgoblin is severely wounded.
The hobgoblin hits you.
You die...

..# ...# #####...#
#########........
........#.......########
#@g..........(....
####†.....># #....
#..........# #....
#.##.......# ####.
#.##..###### #[..
.########.###.#######
#.#.
........#............
###'##
........#.........##.
#8...8
........#........##
##.#.#


You could see a hobgoblin.

Vanquished Creatures
  2 ball pythons (D:1)
  An endoplasm (D:1)
  A giant cockroach (D:1)
  A goblin (D:1)
  2 jackals (D:1)
  A kobold (D:1)
8 creatures vanquished.

Notes
Turn   | Place    | Note
-------+----------+-------------------------------------------
     0 | D:1      | Edwards80 the Deep Elf Enchanter began the quest for the
                  | Orb.
     0 | D:1      | Reached XP level 1. HP: 10/10 MP: 6/6
   474 | D:1      | Reached XP level 2. HP: 9/15 MP: 8/8
   478 | D:1      | Slain by a hobgoblin

Illustrated notes

Levels and vault maps discovered:
D:1:      heliophobic_arrival_ceremonial_halls, layout_basic,
          amcnicky_mini_corridor_feature, chequers_serial_rivers_micro_e

Action                   || total
-------------------------++-------
Melee: Dagger            ||    22
 Stab: Sleeping          ||     3
Armor: Robe              ||     3
Dodge: Dodged            ||     9
